 Dungeon Crawl Stone Soup version 0.30.1-4-g462c640d31 (webtiles) character file.

Game seed: 17625244769817638744

51 HagarQim the Ducker (level 3, -7/31 HPs)
             Began as a Gnoll Wanderer on Aug 28, 2023.
             Splashed by a jelly's acid (9 damage)
             ... on level 2 of the Dungeon.
             The game lasted 00:04:11 (1467 turns).

HagarQim the Ducker (Gnoll Wanderer)                Turns: 1467, Time: 00:04:12

Health: -7/31      AC: -7    Str: 10    XL:     3   Next: 83%
Magic:  4/4        EV: 13    Int: 15    God:
Gold:   95         SH:  0    Dex: 10    Spells: 4/4 levels left

rFire   . . .        g - +1 whip (elec)
rCold   . . .        (no shield)
rNeg    . . .        e - +0 robe
rPois   .            (no helmet)
rElec   .            (no cloak)
rCorr   .            j - +0 pair of gloves
SInv    .            c - +0 pair of boots
Will    .....        (no amulet)
Stlth   ++           (no ring)
HPRegen 0.25/turn    (no ring)
MPRegen 0.09/turn

%: no passive effects
@: brilliant, about to teleport, corroded
A: fangs 1, strong nose, distributed training
a: no special abilities


You were on level 2 of the Dungeon.
You visited 1 branch of the dungeon, and saw 2 of its levels.

You collected 95 gold pieces.

Inventory:

Hand Weapons
 a - a +2 mace
 b - a +0 short sword
 g - a +1 whip of electrocution (weapon)
Armour
 c - a +0 pair of boots (worn)
 e - a +0 robe (worn)
 j - a +0 pair of gloves (worn)
Scrolls
 f - a scroll of enchant weapon {unknown}
 n - a scroll of teleportation
 o - 2 scrolls of identify {unknown}
Potions
 d - a potion of curing
 h - a potion of mutation {unknown}
 i - a potion of heal wounds {unknown}
 k - a potion of degeneration {unknown}
 l - a potion of brilliance
 m - a potion of haste {unknown}
 p - a potion of ambrosia {unknown}


   Skills:
 + Level 4.6 Fighting
 + Level 2.7 Short Blades
 + Level 1.0 Long Blades
 + Level 1.0 Axes
 + Level 4.6 Maces & Flails
 + Level 1.0 Polearms
 + Level 1.0 Staves
 + Level 1.0 Ranged Weapons
 + Level 1.0 Throwing
 + Level 2.7 Armour
 + Level 4.6 Dodging
 + Level 4.2 Stealth
 + Level 1.0 Shields
 + Level 1.0 Unarmed Combat
 + Level 1.0 Spellcasting
 + Level 0.7 Conjurations
 + Level 0.7 Hexes
 + Level 0.7 Summonings
 + Level 0.7 Necromancy
 + Level 0.7 Translocations
 + Level 0.7 Transmutations
 + Level 0.7 Fire Magic
 + Level 0.7 Ice Magic
 + Level 0.7 Air Magic
 + Level 0.7 Earth Magic
 + Level 0.7 Poison Magic
 + Level 1.1 Invocations
 + Level 1.0 Evocations


You had 4 spell levels left.
You didn't know any spells.
Your spell library was empty.

Dungeon Overview and Level Annotations

Branches:
Dungeon (2/15)

Altars:
Makhleb


Innate Abilities, Weirdness & Mutations

You have very sharp teeth.
Your uncanny sense of smell can sniff out nearby items.
Your experience applies equally to all skills.


Message History

a +0 dagger; a kobold corpse You start resting.
HP restored.
You open the door.
An endoplasm comes into view.
Found a hobgoblin skeleton. 2 jellies and 6 endoplasms come into view.
Found five items.
The endoplasm quivers.
The jelly quivers.
The endoplasm quivers.
There is an open door here.
The jelly hits you but does no damage.
The endoplasm jiggles.
You hit the jelly.
Your hands burn!
The jelly is moderately wounded.
The endoplasm quivers.
The jelly hits you but does no damage.
The endoplasm jiggles.
You hit the jelly.
Your hands burn!
You bite the jelly.
The jelly is heavily wounded.
The jelly misses you. The jelly hits you.
You are splashed with acid!
There is an open door here.
The jelly attacks as you move away! The jelly hits you but does no damage.
Things that are here:
a +0 dagger; a kobold corpse The jelly attacks as you move away!
The jelly hits you. The acid corrodes you!
You are splashed with acid!
The jelly attacks as you move away! The jelly closely misses you.
The jelly attacks as you move away! The jelly hits you. The acid corrodes you!
You are splashed with acid!
* * * LOW HITPOINT WARNING * * *
As you read the scroll labelled IDUOSO GUYLL, it crumbles to dust.
You feel strangely unstable.
It was a scroll of teleportation.
The jelly barely misses you.
Okay, then.
It was a potion of brilliance.
You feel clever all of a sudden. The jelly hits you.
* * * LOW HITPOINT WARNING * * *
The acid corrodes you!
You are splashed with acid!
You die...

#.# #.# #.# #.# #.#
#.########## #####.#
#........... ....#.#
############ ....#)#
########### ....#)#
#######.##..÷÷÷?#
......###....#.#.#PP.÷P.#
....#.##.....#.#@#......#
....#.'......#'#J#..÷..P#
###...'........#J#..J.J.#
###.'........#J#JJ.÷P.#
#.##....[..#J#...J..#
#####...)..##'.÷P.P.#
##########....J.#
########


You could see 2 jellies and 2 endoplasms.

Vanquished Creatures
  An adder (D:2)
  A dart slug (D:1)
  4 giant cockroaches
  3 goblins
  A hobgoblin (D:1)
  4 jackals (D:1)
  11 kobolds
  4 quokkas (D:1)
  3 ball pythons
  2 bats (D:1)
  2 frilled lizards (D:1)
  A rat (D:1)
37 creatures vanquished.

Notes
Turn   | Place    | Note
-------+----------+-------------------------------------------
     0 | D:1      | HagarQim the Gnoll Wanderer began the quest for the Orb.
     0 | D:1      | HagarQim set off with the following items: a +2 mace, a +0
                  | short sword, a +0 pair of boots, a potion of curing, a +0
                  | robe.
     0 | D:1      | Reached XP level 1. HP: 20/20 MP: 1/1
    64 | D:1      | Reached XP level 2. HP: 26/26 MP: 2/2
   560 | D:1      | Found a faded altar of an unknown god.
   738 | D:1      | Reached XP level 3. HP: 31/31 MP: 3/3
  1107 | D:2      | Reached skill level 1 in Invocations
  1139 | D:2      | Found a burning altar of Makhleb.
  1294 | D:2      | Reached skill level 1 in Long Blades
  1294 | D:2      | Reached skill level 1 in Axes
  1294 | D:2      | Reached skill level 1 in Polearms
  1294 | D:2      | Reached skill level 1 in Staves
  1294 | D:2      | Reached skill level 1 in Ranged Weapons
  1294 | D:2      | Reached skill level 1 in Throwing
  1294 | D:2      | Reached skill level 1 in Shields
  1294 | D:2      | Reached skill level 1 in Unarmed Combat
  1294 | D:2      | Reached skill level 1 in Spellcasting
  1294 | D:2      | Reached skill level 1 in Evocations
  1467 | D:2      | Splashed by a jelly's acid

Illustrated notes

Levels and vault maps discovered:
D:1:      lemuel_arrival_muddy, layout_basic,
          hellmonk_ecumenical_altar_inner_sanctum, serial_forest,
          infiniplex_forest_lined_room_2, infiniplex_forest_end_1,
          infiniplex_forest_3_way, infiniplex_forest_straight_4,
          infiniplex_forest_lined_ring, infiniplex_forest_lined_ring,
          infiniplex_forest_clump_double, st_stairs_8
D:2:      cheibrodos_fertilizer, layout_basic, basic_altar,
          chequers_serial_rivers_micro_e

Skill      XL: |  1  2  3 |
---------------+----------+-----
Invocations    | 1 |  1.1
Long Blades    | 1 |  1.0
Axes           | 1 |  1.0
Polearms       | 1 |  1.0
Staves         | 1 |  1.0
Ranged Weapons | 1 |  1.0
Throwing       | 1 |  1.0
Shields        | 1 |  1.0
Unarmed Combat | 1 |  1.0
Spellcasting   | 1 |  1.0
Evocations     | 1 |  1.0
Fighting       | |  4.6
Short Blades   | |  2.7
Maces & Flails | |  4.6
Armour         | |  2.7
Dodging        | |  4.6
Stealth        | |  4.2
Conjurations   | |  0.7
Hexes          | |  0.7
Summonings     | |  0.7
Necromancy     | |  0.7
Translocations | |  0.7
Transmutations | |  0.7
Fire Magic     | |  0.7
Ice Magic      | |  0.7
Air Magic      | |  0.7
Earth Magic    | |  0.7
Poison Magic   | |  0.7

Action                     || total
---------------------------++-------
  Melee: Mace              ||    14
         Bite              ||     7
         Whip              ||    93
         Punch             ||     1
    Use: Scroll            ||     1
         Potion            ||     1
   Stab: Sleeping          ||    14
 Armour: Robe              ||    20
  Dodge: Dodged            ||    60
